 Dungeon Crawl Stone Soup version 0.31-a0-229-g1fc7ce93e2 (webtiles) character file.

Game seed: 4735495461589104522

97 qw the Shooter (level 4, 0/26 HPs)
             Began as a Gargoyle Hexslinger on July 6, 2023.
             Slain by a water moccasin (2 damage)
             ... on level 6 of the Dungeon.
             The game lasted 00:00:54 (1824 turns).

qw the Shooter (Gargoyle Hexslinger)                Turns: 1824, Time: 00:00:55

Health: 0/26       AC:  9    Str: 11    XL:     4   Next: 68%
Magic:  5/5        EV: 10    Int: 14    God:
Gold:   97         SH:  0    Dex: 14    Spells: 4/5 levels left

rFire   . . .        Y - +1 sling
rCold   . . .        (no shield)
rNeg    + . .        e - +0 ring mail
rPois   inf          k - +0 helmet
rElec   +            (no cloak)
rCorr   +            (no gloves)
SInv    .            (no boots)
Will    .....        (no amulet)
Stlth   +            c - ring of resist corrosion
HPRegen 0.24/turn    (no ring)
MPRegen 0.09/turn

%: no passive effects
@: no status effects
A: sickness immunity, AC +3, negative energy resistance 1, electricity
resistance, torment resistance 1, petrification resistance
a: no special abilities


You were on level 6 of the Dungeon.
You visited 1 branch of the dungeon, and saw 4 of its levels.

You collected 97 gold pieces.


Innate Abilities, Weirdness & Mutations

You are immune to sickness and miasma.
Your stone body is resilient. (AC +3)
You are immune to poison.
You resist negative energy. (rN+)
You are resistant to electric shocks. (rElec)
You are resistant to unholy torment.
You are immune to petrification.


   Skills:
 - Level 2.0 Fighting
 + Level 4.1 Ranged Weapons
 - Level 1.3 Armour
 - Level 1.5 Dodging
 - Level 1.0 Spellcasting
 - Level 2.6 Hexes


You had 4 spell levels left.
You knew the following spells:

 Your Spells              Type           Power      Damage    Failure   Level
a - Slow                  Hex            32%        N/A       21%         1

Your spell library contained the following spells:

 Spells                   Type           Power      Damage    Failure   Level
 Inner Flame              Hex/Fire       4%         N/A       71%         3
 Portal Projectile        Hex/Tloc       8%         N/A       71%         3
 Cause Fear               Hex            4%         N/A       90%         4

Inventory:

Hand Weapons
 Y - a +1 sling (weapon)
Armour
 e - a +0 ring mail (worn)
 k - a +0 helmet (worn)
Jewellery
 c - a ring of resist corrosion (left hand)
Scrolls
 h - a scroll of identify
Potions
 a - a potion of curing
 b - a potion of attraction {unknown}
 j - a potion of haste

Dungeon Overview and Level Annotations

Branches:
Dungeon (6/15)
 Temple: D:4-7

Altars:
Ashenzari
Sif Muna


Message History

You shoot a sling bullet. The sling bullet hits the iguana!
The iguana is severely wounded.
You shoot a sling bullet. The sling bullet hits the iguana.
The iguana is severely wounded.
You shoot a sling bullet.
The sling bullet hits the iguana but does no damage.
The iguana is severely wounded.
You shoot a sling bullet. The sling bullet hits the iguana.
You kill the iguana!
Your Ranged Weapons skill increases to level 4!
A water moccasin comes into view.
The water moccasin hisses angrily.
You see here an iguana corpse.
You shoot a sling bullet.
The sling bullet misses the water moccasin.
You shoot a sling bullet.
The sling bullet closely misses the water moccasin.
You shoot a sling bullet.
The sling bullet closely misses the water moccasin.
The water moccasin closely misses you.
The water moccasin bites you but does no damage.
You shoot a sling bullet.
The sling bullet barely misses the water moccasin.
The water moccasin bites you but does no damage.
The water moccasin bites you.
You shoot a sling bullet.
The sling bullet barely misses the water moccasin.
The water moccasin closely misses you. The water moccasin bites you!
You shoot a sling bullet.
The sling bullet barely misses the water moccasin.
The water moccasin bites you but does no damage.
The water moccasin bites you.
You shoot a sling bullet.
The sling bullet completely misses the water moccasin.
The water moccasin bites you. x2
You shoot a sling bullet.
The sling bullet closely misses the water moccasin.
The water moccasin bites you but does no damage.
The water moccasin bites you.
You die...

.........###
#.......#
.........#
#.......#
..#......#
#........
##....##
#........
##...#
......##. ##..#
#....### #
#..## ....##
##..# #.@#
#S........
..........#
.............
...............
......>........
..........#####
###.......#


You could see a water moccasin.

Vanquished Creatures
  An iguana (D:6)
  2 adders (D:2)
  A worm (D:2)
  2 dart slugs
  4 orcs (D:2)
  5 endoplasms (D:1)
  A giant cockroach (D:1)
  2 goblins (D:1)
  5 hobgoblins
  4 kobolds
  2 quokkas (D:1)
  4 ball pythons
  2 bats
  3 frilled lizards
  6 rats
44 creatures vanquished.

Notes
Turn   | Place    | Note
-------+----------+-------------------------------------------
     0 | D:1      | qw the Gargoyle Hexslinger began the quest for the Orb.
     0 | D:1      | Reached XP level 1. HP: 12/12 MP: 2/2
     0 | D:1      | 0 ||| qw: Version: 0.3-a-46-gb1f654a
     0 | D:1      | 0 ||| qw: Game counter: 1724
     0 | D:1      | 0 ||| qw: Melee chars always use a shield: true
     0 | D:1      | 0 ||| qw: God list: Okawaru
     0 | D:1      | 0 ||| qw: Allow faded altars: false
     0 | D:1      | 0 ||| qw: Do Orc after clearing Dungeon:15 true
     0 | D:1      | 0 ||| qw: Do second Lair branch before Depths: true
     0 | D:1      | 0 ||| qw: Lair rune preference: random
     0 | D:1      | 0 ||| qw: Goals: Normal
     0 | D:1      | 0 ||| PLANNING D:1-11
   148 | D:1      | Reached XP level 2. HP: 11/16 MP: 3/3
   226 | D:1      | Reached skill level 3 in Ranged Weapons
   383 | D:1      | Reached XP level 3. HP: 21/21 MP: 4/4
   704 | D:1      | 704 ||| UPGRADING to +0 ring mail.
   714 | D:1      | 714 ||| DROPPING +0 robe.
   715 | D:1      | 715 ||| UPGRADING to +0 helmet.
   720 | D:1      | 720 ||| DROPPING +6 ring of intelligence.
   721 | D:1      | 721 ||| READING scroll labelled QOZUGO AMPYOWK.
   722 | D:1      | 722 ||| READING scroll labelled YTTEAZ COYTSEC.
   723 | D:1      | 723 ||| READING 4 scrolls labelled EHA HENAWKOT.
   724 | D:1      | 724 ||| READING 3 scrolls of identify.
   724 | D:1      | 724 ||| IDENTIFYING metallic orange potion
   725 | D:1      | 725 ||| READING 2 scrolls of identify.
   725 | D:1      | 725 ||| IDENTIFYING silvery potion
   726 | D:1      | 726 ||| DROPPING scroll of poison.
   727 | D:1      | 727 ||| DROPPING potion of degeneration.
   908 | D:2      | Reached skill level 1 in Armour
  1158 | D:2      | 1158 ||| READING 2 scrolls of identify.
  1158 | D:2      | 1158 ||| IDENTIFYING amethyst potion
  1190 | D:2      | Reached XP level 4. HP: 25/26 MP: 5/5
  1402 | D:2      | Found a broken altar of Ashenzari.
  1673 | D:2      | 1673 ||| UPGRADING to ring of resist corrosion.
  1757 | D:3      | Found a shimmering blue altar of Sif Muna.
  1787 | D:3      | You fall into a shaft and drop 3 floors!
  1816 | D:6      | Reached skill level 4 in Ranged Weapons
  1816 | D:6      | Noticed a water moccasin
  1823 | D:6      | HP: 4/26 [water moccasin (5)]
  1823 | D:6      | HP: 1/26 [water moccasin (3)]
  1824 | D:6      | Slain by a water moccasin

Levels and vault maps discovered:
D:1:      minmay_arrival_plants_in_alcoves, layout_loops_ring,
          kennysheep_doodads
D:2:      layout_basic, basic_altar, wad_orctagon
D:3:      layout_basic, lemuel_blue_sif_altar, nicolae_goblin_pals, uniq_terence
D:6:      minmay_angry_zag, layout_layer_cave, mainiacjoe_overflow_boulevard,
          minmay_temple_entry_statues_fountains, uniq_sigmund

Skill      XL: |  1  2  3  4 |
---------------+-------------+-----
Ranged Weapons | 3 4 |  4.1
Fighting       | 2 |  2.0
Armour         | 1 |  1.3
Dodging        | |  1.5
Spellcasting   | |  1.0
Hexes          | |  2.6

Action                     |  1- 3 |  4- 6 || total
---------------------------+-------+-------++-------
   Fire: Sling             |   155 |    37 ||   192
    Use: Scroll            |     6 |       ||     6
 Armour: Robe              |     8 |       ||     8
         Ring mail         |    23 |     8 ||    31
  Dodge: Dodged            |    57 |     5 ||    62

Table legend:
 A = Non-vault XP
 B = Vault XP
 C = Vault XP percentage of total XP
 D = Non-vault monster count
 E = Vault monster count
 F = Vault count percentage of total count
                 A         B        C        D         E       F
            +---------+---------+-------+---------+---------+-------
      Total |     127 |      12 |   8.6 |      40 |       4 |   9.1
            +---------+---------+-------+---------+---------+-------
        D:1 |      43 |       0 |   0.0 |      24 |       0 |   0.0
        D:2 |      48 |      12 |  20.0 |      13 |       4 |  23.5
        D:3 |       3 |       0 |   0.0 |       2 |       0 |   0.0
        D:6 |      33 |       0 |   0.0 |       1 |       0 |   0.0
            +---------+---------+-------+---------+---------+-------
